 Dungeon Crawl Stone Soup version 0.27.1-15-g792fb953b9 (webtiles) character file.

Game seed: 6952080645322764879

3 ces the Sneak (level 1, -2/15 HPs)
             Began as a Djinni Enchanter on Nov 19, 2021.
             Slain by an adder (4 damage)
             ... on level 2 of the Dungeon.
             The game lasted 00:01:04 (570 turns).

ces the Sneak (Djinni Enchanter)                     Turns: 570, Time: 00:01:04

Health: -2/15      AC:  2    Str:  7    XL:     1   Next: 55%
Gold:   11         EV: 12    Int: 16    God:
                   SH:  0    Dex: 13

rFire    + + .     SeeInvis .   a - +1 dagger
rCold    x . .     Faith    .   (no shield)
rNeg     . . .     Spirit   .   b - +0 robe
rPois    ∞         Reflect  .   (no helmet)
rElec    .         Harm     .   (no cloak)
rCorr    .         Rampage  .   (no gloves)
Will     .....                  (boots unavailable)
Stlth    ++........             (no amulet)
HPRegen  0.05/turn              (no ring)
MPRegen  0.00/turn              (no ring)

@: mighty, flying
A: sickness immunity, fire resistance 2, cold vulnerability 1, float, innate
caster, hp casting, extra vitality 1
a: no special abilities


You were on level 2 of the Dungeon.
You visited 1 branch of the dungeon, and saw 2 of its levels.

You collected 11 gold pieces.

Inventory:

Hand Weapons
 a - a +1 dagger (weapon)
Armour
 b - a +0 robe (worn)


   Skills:
 + Level 0.8 Short Blades
 - Level 2.1 Dodging
 * Level 2.6 Stealth
 - Level 2.4 Spellcasting


You couldn't memorise any spells.
You knew the following spells:

 Your Spells              Type           Power      Damage    Failure   Level
a - Corona                Hex            10%        N/A       8%          1
b - Ensorcelled Hibernat  Hex/Ice        18%        N/A       11%         2
c - Confusing Touch       Hex            9%         N/A       22%         3
d - Tukima's Dance        Hex            9%         N/A       22%         3
e - Dazzling Flash        Conj/Hex       18%        N/A       22%         3
Your spell library was empty.

Dungeon Overview and Level Annotations

Branches:
Dungeon (1/15)

Altars:


Innate Abilities, Weirdness & Mutations

You are immune to sickness and miasma.
You are immune to poison.
Your flesh is very heat resistant. (rF++)
You are vulnerable to cold. (rC-)
You float through the air rather than walking.
You learn spells naturally, not from books.
Your magical power is your life essence.
You have superior vitality. (+4 HP)


Message History

The rat bites you.
You hit the hobgoblin.
The hobgoblin is lightly wounded.
A ball python comes into view.
A frilled lizard comes into view.
The hobgoblin closely misses you. The rat bites you.
You closely miss the hobgoblin.
The hobgoblin is lightly wounded.
The hobgoblin completely misses you. The rat barely misses you.
The rat barely misses you. The hobgoblin hits you.
The hobgoblin barely misses you. The hobgoblin closely misses you.
The hobgoblin hits you. The adder bites you. The adder closely misses you.
The adder misses you.
Found a whip.
Found 13 gold pieces.
It was a potion of might.
You feel very mighty all of a sudden. The adder closely misses you.
The adder barely misses you.
You aren't carrying any scrolls.
The adder bites you. The adder misses you. The adder bites you.
The frilled lizard bites you.
* * * LOW HITPOINT WARNING * * *
The frilled lizard bites you.
* * * LOW HITPOINT WARNING * * *
The adder completely misses you. The rat closely misses you.
The adder barely misses you. The adder completely misses you.
The adder bites you.
* * * LOW HITPOINT WARNING * * *
The adder barely misses you. The adder misses you. The adder barely misses you.
The adder bites you.
You die...

##########....rS......#
#........######.......#
#........######.......#
#...........S.rl......#
#........######.......#
#........# #[#######
#........# #.#
#######.## ..# ######@#
######### #.l.rS.#
#...Sg..# #.######
##.#####.# ##.######
#.g......# #....r..#
#........# #...###l#
#........# #...#
#.#####...........
#...#
#....lg......#####
#...# #######).....#


You could see an adder, a frilled lizard and a rat.

Vanquished Creatures
  A ball python (D:1)
  A goblin (D:1)
  A rat (D:2)
3 creatures vanquished.

Notes
Turn   | Place    | Note
-------+----------+-------------------------------------------
     0 | D:1      | ces the Djinni Enchanter began the quest for the Orb.
     0 | D:1      | Reached XP level 1. HP: 15/15 MP: 0/0
   468 | D:1      | You are sucked into a shaft and drop 1 floor!
   570 | D:2      | Slain by an adder

Illustrated notes

Levels and vault maps discovered:
D:1:      minmay_arrival_stone_box, layout_basic, serial_shops,
          nicolae_shop_overgrown_old_shop
D:2:      layout_basic, dreamdust_ecumenical_altar_drowned_temple,
          minmay_misc_feat_x, minmay_small_reverse_x

Action                   || total
-------------------------++-------
Melee: Dagger            ||    13
 Cast: Corona            ||     2
  Use: Potion            ||     1
Armor: Robe              ||     3
Dodge: Dodged            ||    22
